Map: World of Sleepers LE

Players

Vindicta - Winner!

  • Race: Terran Terran
  • Spawn Location: 7:00

FoxeR

  • Race: Terran Terran
  • Spawn Location: 1:00

VOD

Have the link to the VOD?

Description

Time

  • Played on: Sept. 6, 2019, 2:08 p.m.
  • Length: 8:09
Show
View Real Time Build Order
Export as new Build Order

Vindicta Terran - Winner!

Build Orders:  

Get SALT Encoding   

  12  0:00  SCV  
  13  0:12  SCV  
  14  0:17  Supply Depot  
  14  0:25  SCV  
  15  0:29  Refinery  
  15  0:39  SCV  
  16  0:45  Barracks  
  16  0:51  SCV  
  16  0:55  Refinery  
  17  1:03  SCV  
  18  1:15  SCV  
  19  1:32  Orbital Command, Reaper  
  20  1:38  Factory  
  20  1:47  Supply Depot  
  20  1:58  SCV  
  21  2:04  Reaper  
  22  2:10  SCV  
  23  2:22  SCV  
  24  2:25  Hellion  
  26  2:33  Command Center  
  26  2:34  SCV  
  27  2:37  Barracks Reactor  
  26  2:46  SCV  
  26  2:51  Factory Tech Lab, Supply Depot  
  27  2:55  Starport  
  27  2:58  SCV  
  28  3:11  SCV  
  29  3:13  Cyclone  
  29  3:14  Marine  
  29  3:16  Marine  
  34  3:23  SCV  
  35  3:32  Viking  
  37  3:35  SCV  
  37  3:37  Marine  
  39  3:43  Refinery  
  39  3:44  Marine  
  39  3:47  SCV  
  41  3:50  Orbital Command  
  41  3:56  Cyclone  
  41  4:00  SCV  
  45  4:05  Starport Tech Lab  
  45  4:09  Marine  
  46  4:14  SCV  
  45  4:19  SCV  
  45  4:20  Marine  
  47  4:24  Raven  
  47  4:27  Supply Depot  
  47  4:39  Siege Tank  
  47  4:40  SCV  
  47  4:41  SCV  
  47  4:44  Marine x2  
  54  4:48  Supply Depot  
  54  4:52  SCV  
  55  4:53  SCV  
  56  5:02  Marine x2  
  56  5:04  SCV  
  56  5:05  SCV  
  60  5:11  Siege Tank  
  63  5:20  Marine  
  62  5:23  SCV  
  62  5:30  Marine, SCV, Supply Depot  
  62  5:31  Supply Depot  
  62  5:33  Raven  
  62  5:35  SCV  
  67  5:38  Marine  
  67  5:41  Command Center  
  68  5:46  SCV  
  68  5:49  SCV  
  70  5:51  Siege Tank  
  70  5:55  Supply Depot  
  70  5:56  Marine  
  74  5:57  Marine  
  74  5:58  SCV  
  74  6:01  SCV  
  77  6:04  Refinery  
  77  6:10  SCV  
  78  6:13  SCV  
  78  6:18  Supply Depot  
  81  6:26  SCV  
  81  6:27  SCV  
  81  6:34  Barracks  
  81  6:35  Barracks  
  81  6:38  SCV  
  81  6:39  SCV, Viking  
  85  6:40  Viking  
  85  6:42  Supply Depot  
  87  6:49  Marine  
  87  6:50  SCV  
  87  6:51  SCV  
  70  6:58  Orbital Command  
  69  7:03  Siege Tank, SCV  
  69  7:07  Marine  
  73  7:09  Viking x2  
  73  7:11  Engineering Bay x2  
  73  7:15  SCV x2  
  79  7:18  Orbital Command  
  79  7:22  Barracks Reactor  
  79  7:24  Marine  
  79  7:29  SCV  
  82  7:32  Barracks Reactor  
  82  7:33  Barracks  
  82  7:34  Barracks  
  82  7:37  Siege Tank  
  82  7:39  Medivac  
  82  7:43  SCV x2  
  90  7:46  SCV  
  87  7:56  SCV  
  89  8:09  Unknown  
Show
View Real Time Build Order
Export as new Build Order

FoxeR Terran 

Build Orders: 1/1/1 

Get SALT Encoding   

  12  0:00  SCV  
  13  0:12  SCV  
  14  0:17  Supply Depot  
  14  0:24  SCV  
  15  0:30  Refinery  
  15  0:39  SCV  
  16  0:44  Barracks  
  16  0:51  SCV  
  16  0:56  Refinery  
  17  1:03  SCV  
  18  1:15  SCV  
  19  1:31  Orbital Command  
  19  1:32  Barracks Reactor  
  19  1:35  Factory  
  19  1:43  Supply Depot  
  19  1:56  SCV  
  20  2:08  Reaper  
  20  2:09  SCV, Reaper  
  23  2:21  Starport, Hellion  
  23  2:22  SCV  
  26  2:32  Supply Depot  
  26  2:37  SCV  
  26  2:40  Reaper  
  26  2:41  Reaper  
  26  2:43  Hellion  
  31  2:54  SCV  
  32  2:58  Medivac  
  34  3:12  Hellion  
  36  3:20  Command Center  
  36  3:25  Reaper  
  39  3:27  Reaper  
  39  3:31  Supply Depot  
  39  3:33  Factory Tech Lab  
  38  3:38  SCV  
  39  3:53  Siege Tank, SCV, Medivac  
  45  3:57  Marine  
  45  3:59  Marine  
  47  4:08  Liberator  
  47  4:10  SCV  
  47  4:22  Marine x2  
  47  4:23  SCV  
  51  4:35  SCV  
  50  4:38  Orbital Command  
  50  4:40  Marine x2  
  48  4:48  SCV  
  49  4:56  Siege Tank  
  49  4:58  Marine  
  53  5:00  SCV  
  53  5:04  SCV  
  55  5:08  Marine  
  55  5:12  SCV  
  57  5:15  Starport Tech Lab  
  57  5:16  SCV  
  57  5:25  Marine  
  57  5:28  Siege Tank, SCV  
  55  5:30  SCV  
  55  5:32  Command Center  
  55  5:35  Marine  
  53  5:39  Refinery  
  53  5:40  SCV  
  54  5:43  SCV  
  54  5:47  Raven  
  54  5:51  Refinery  
  54  5:52  SCV  
  54  5:54  Marine x2  
  54  5:55  SCV  
  58  6:04  SCV  
  58  6:07  SCV  
  60  6:12  Marine  
  60  6:15  Siege Tank, Barracks  
  60  6:17  SCV  
  65  6:19  SCV  
  65  6:20  Barracks  
  65  6:21  Marine  
  67  6:29  SCV  
  67  6:30  Marine  
  67  6:31  SCV  
  68  6:32  Supply Depot  
  68  6:37  Raven  
  68  6:39  Marine  
  70  6:43  SCV  
  70  6:44  SCV  
  67  6:48  Orbital Command  
  50  6:56  SCV  
  50  6:59  Marine x2  
  50  7:00  Siege Tank  
  52  7:08  SCV  
  51  7:09  Barracks Tech Lab  
  51  7:10  Barracks Reactor  
  51  7:12  Orbital Command  
  51  7:20  SCV  
  51  7:30  Marine x2  
  51  7:31  Marine  
  51  7:32  SCV  
  51  7:36  Starport Reactor, Orbital Command  
  55  7:43  SCV  
  56  7:44  SCV  
  56  7:49  Marine  
  56  7:50  Marine  
  54  7:56  SCV  
Tags
 
Add a new tag
Caveats
  • Supply blocks, unpowered buildings, or Contaminate may cause inaccurate times.
  • Supply counts are checked every 10 seconds.